 Dungeon Crawl Stone Soup version 0.27.1-3-gb3d3a73c9e (webtiles) character file.

Game seed: 12250799334146437775

30 barney the Changer (level 3, -2/42 HPs)
             Began as a Draconian Transmuter on Oct 5, 2021.
             Succumbed to a kobold's poison
             ... on level 1 of the Dungeon.
             The game lasted 00:01:02 (1829 turns).

barney the Changer (Draconian Transmuter)           Turns: 1829, Time: 00:01:02

Health: -2/42      AC:  5    Str: 12    XL:     3   Next: 3%
Magic:  6/6        EV: 12    Int: 14    God:
Gold:   48         SH:  0    Dex: 11    Spells: 5/6 levels left

rFire    . . .     SeeInvis .   b - +0 dagger
rCold    . . .     Faith    .   (no shield)
rNeg     . . .     Spirit   .   (armour unavailable)
rPois    .         Reflect  .   (helmet restricted)
rElec    .         Harm     .   (no cloak)
rCorr    .         Rampage  .   (no gloves)
Will     .....                  (no boots)
Stlth    ..........             (no amulet)
HPRegen  0.14/turn              (no ring)
MPRegen  0.10/turn              (no ring)

@: berserking, lethally poisoned (-2 -> -19), very quick
A: AC +5, unfitting armour, cold-blooded
a: no special abilities


You were on level 1 of the Dungeon.
You visited 1 branch of the dungeon, and saw 1 of its levels.

You collected 48 gold pieces.

Inventory:

Hand Weapons
 b - a +0 dagger (weapon)
Scrolls
 d - a scroll of fear {unknown}
 f - a scroll of identify {unknown}
Potions
 c - a potion of lignification {unknown}
 e - a potion of attraction {unknown}


   Skills:
 - Level 1.1 Fighting
 - Level 1.7 Dodging
 - Level 3.0 Unarmed Combat
 - Level 2.0 Spellcasting
 + Level 3.5 Transmutations


You had 5 spell levels left.
You knew the following spells:

 Your Spells              Type           Power      Damage    Failure   Level
a - Beastly Appendage     Tmut           22%        N/A       5%          1

Your spell library contained the following spells:

 Spells                   Type           Power      Damage    Failure   Level
 Wereblood                Tmut           11%        N/A       9%          2
 Spider Form              Tmut/Pois      3%         N/A       34%         3
 Ice Form                 Ice/Tmut       6%         N/A       75%         4


Dungeon Overview and Level Annotations

Branches:
Dungeon (1/15)

Altars:


Innate Abilities, Weirdness & Mutations

Your plain brown scales are hard. (AC +5)
You cannot fit into any form of body armour.
You are cold-blooded and may be slowed by cold attacks.


Message History

You feel clever.
Your scales feel tougher.
Your transformation is almost over.
Your horns disappear.
Your talons disappear.
An endoplasm comes into view.
The endoplasm quivers.
An endoplasm is nearby!
An endoplasm is nearby!
No reachable target in view!
Casting: Beastly Appendage (safe; 5% risk of failure)
Confirm with . or Enter, or press ? or * to list all spells.
You grow a pair of large bovine horns.
Your feet morph into talons.
An endoplasm comes into view.
Your transformation is almost over.
The endoplasm moves out of view.
The kobold shouts!
The kobold hits you with a +2 dagger of venom.
You are poisoned.
Your horns disappear.
Your talons disappear.
You feel very sick.
The kobold hits you with a +2 dagger of venom.
You are more poisoned.
You see here a gold piece.
You feel very sick.
The kobold hits you with a +2 dagger of venom.
You are too injured to fight recklessly!
You are too injured to fight recklessly!
You hit the kobold.
The kobold is heavily wounded.
You feel very sick.
The kobold hits you with a +2 dagger of venom.
* * * LOW HITPOINT WARNING * * *
You are more poisoned.
You hit the kobold.
You kill the kobold!
* * * LOW HITPOINT WARNING * * *
You feel very sick.
It was a potion of berserk rage.
A red film seems to cover your vision as you go berserk!
You feel yourself moving faster!
You feel mighty!
You die...

####################
###...................
#..#####.#####.####### #.#.
...#.....# #.......# #.#.
##.#.###############.# ## #.#.
##.#.#####......$..#.# ... #.#.
..J#.........#.)@..#.######.##.#.
#..#####.....##....#.....##....#.
#.# +.....##.$..#####.######## ..
#...........# #.##....#. #.
#.####......# #.##.##.#. ....
.......# #....##.#. ###.#
#.......# #######.#. ..#
#.......# #)#. ####.#.


There were no monsters in sight!

Vanquished Creatures
  A dart slug (D:1)
  A ball python (D:1)
  2 endoplasms (D:1)
  A giant cockroach (D:1)
  3 hobgoblins (D:1)
  4 jackals (D:1)
  2 kobolds (D:1)
  4 quokkas (D:1)
  A frilled lizard (D:1)
  A goblin (D:1)
  3 rats (D:1)
23 creatures vanquished.

Notes
Turn   | Place    | Note
-------+----------+-------------------------------------------
     0 | D:1      | barney the Draconian Transmuter began the quest for the
                  | Orb.
     0 | D:1      | Reached XP level 1. HP: 16/16 MP: 3/3
   406 | D:1      | Reached XP level 2. HP: 23/23 MP: 3/5
  1781 | D:1      | Reached XP level 3. HP: 26/28 MP: 4/6
  1828 | D:1      | HP: 1/28 [poisoned by a kobold]
  1829 | D:1      | Succumbed to a kobold's poison

Illustrated notes

Levels and vault maps discovered:
D:1:      lemuel_arrival_rhombus, layout_basic, serial_co_window_serial,
          co_window_corner_a, co_window_paths_a, co_window_paths_a,
          co_window_corner_a, co_window_corner_a, co_window_broadway_a,
          co_window_corner_cb, co_window_of_opportunity_b,
          co_window_of_opportunity_b, co_window_4corner_a, co_window_paths_e

Skill      XL: |  1  2 |
---------------+-------+-----
Transmutations | 3 |  3.5
Fighting       | |  1.1
Dodging        | |  1.7
Unarmed Combat | |  3.0
Spellcasting   | |  2.0

Action                   || total
-------------------------++-------
Melee: Unarmed           ||    47
       Tailslap          ||     9
       Kick              ||    11
       Dagger            ||    32
       Headbutt          ||     7
 Cast: Beastly Appendage ||    17
  Use: Potion            ||     1
Armor: Skin              ||    19
Dodge: Dodged            ||    44
